 Dungeon Crawl Stone Soup version 0.25.0-26-g0c896c7088 (webtiles) character file.

Game seed: 16338282197052782595

78 MisterFreud the Insei (level 4, 0/35 HPs)
             Began as a Demonspawn Abyssal Knight on July 5, 2020.
             Was a Believer of Lugonu.
             Slain by a frilled lizard (2 damage)
             ... on level 2 of the Dungeon.
             The game lasted 00:02:05 (2413 turns).

MisterFreud the Insei (Demonspawn Abyssal Knight)   Turns: 2413, Time: 00:02:06

Health: 0/35       AC:  3    Str: 12    XL:     4   Next: 15%
Magic:  5/5        EV: 11    Int: 14    God:    Lugonu [**....]
Gold:   79         SH:  0    Dex: 13    Spells: 3/3 levels left

rFire    . . .     SeeInvis .     - Unarmed
rCold    . . .     Gourm    .   (no shield)
rNeg     . . .     Faith    .   a - +0 leather armour
rPois    .         Spirit   .   (no helmet)
rElec    .         Reflect  .   (no cloak)
rCorr    .         Harm     .   (no gloves)
MR       .....                  (no boots)
Stlth    ++........             (no amulet)
HPRegen  0.11/turn              (no ring)
MPRegen  0.09/turn              (no ring)

@: lethally poisoned (0 -> -4)
A: nightstalker 1, rot immunity
a: Depart the Abyss, Bend Space, Renounce Religion


You were on level 2 of the Dungeon.
You worshipped Lugonu.
Lugonu was pleased with you.
You were not hungry.

You visited 1 branch of the dungeon, and saw 2 of its levels.
You visited the Abyss 1 time.

You collected 79 gold pieces.

Inventory:

Missiles
 i - a throwing net (quivered)
 j - 19 poisoned darts
Armour
 a - a +0 leather armour (worn)
Scrolls
 d - a scroll of enchant weapon {unknown}
 e - 4 scrolls of identify {unknown}
 g - 2 scrolls of amnesia {unknown}
 k - a scroll of enchant armour {unknown}
 m - 3 scrolls of fog {unknown}
 n - a scroll of teleportation {unknown}
 o - a scroll of remove curse {unknown}
 p - a scroll of random uselessness {unknown}
 r - a scroll of magic mapping {unknown}
Potions
 c - a potion of cancellation {unknown}
 f - 2 potions of stabbing {unknown}
 h - a potion of degeneration {unknown}
 l - a potion of ambrosia {unknown}
 s - a potion of flight {unknown}
Comestibles
 b - 5 rations
 q - a chunk of flesh


   Skills:
 - Level 3.0 Fighting
 - Level 1.7 Armour
 - Level 0.8 Dodging
 + Level 4.1 Unarmed Combat
 - Level 2.4 Invocations


You had 3 spell levels left.
You didn't know any spells.
Your spell library was empty.

Dungeon Overview and Level Annotations

Branches:
Dungeon (2/15)

Altars:


Innate Abilities, Weirdness & Mutations

You are slightly more attuned to the shadows.
You are immune to rotting.


Message History

You completely miss the adder.
The adder is heavily wounded.
The frilled lizard misses you. The adder bites you but does no damage.
You hit the adder.
The adder is severely wounded.
You feel sick. The adder bites you.
* * * LOW HITPOINT WARNING * * *
The frilled lizard bites you but does no damage.
You hit the adder.
You kill the adder!
Lugonu accepts your kill.
The frilled lizard bites you but does no damage.
You feel sick.
You closely miss the frilled lizard. The frilled lizard bites you.
* * * LOW HITPOINT WARNING * * *
You closely miss the frilled lizard.
* * * LOW HITPOINT WARNING * * *
You feel sick. The frilled lizard misses you.
You barely miss the frilled lizard. The frilled lizard bites you.
You die...

## .# .# .# .# ########
.# #......# .#######
#...##......# .......#
##....+......# .......#
#.... #@.....# .).....#
#...# #l.....#
.......###...#+#.....##
.........+.........###
.####....#.......#.#
....'.............>..
....#............#....
....#....##.....##....%
....#.....#....... .(..


You could see a frilled lizard.

Vanquished Creatures
  2 adders (D:2)
  5 dart slugs
  A leopard gecko (D:2)
  A giant cockroach (D:2)
  9 goblins
  4 hobgoblins (D:1)
  7 jackals
  7 kobolds
  A quokka (D:2)
  A bat (D:1)
  2 frilled lizards (D:1)
  6 rats
46 creatures vanquished.

Notes
Turn   | Place    | Note
-------+----------+-------------------------------------------
     0 | Abyss:1  | MisterFreud the Demonspawn Abyssal Knight began the quest
                  | for the Orb.
     0 | Abyss:1  | Reached XP level 1. HP: 18/18 MP: 2/2
    39 | Abyss:1  | Noticed a large abomination
    40 | D:1      | Escaped the Abyss
    76 | D:1      | Reached skill level 2 in Unarmed Combat
   377 | D:1      | Gained mutation: You are slightly more attuned to the
                  | shadows. [demonic ancestry]
   377 | D:1      | Reached XP level 2. HP: 14/24 MP: 3/3
   753 | D:1      | Reached * piety under Lugonu
   941 | D:1      | Reached skill level 3 in Unarmed Combat
  1160 | D:1      | Reached XP level 3. HP: 23/29 MP: 4/4
  2309 | D:2      | Gained mutation: You are immune to rotting. [demonic
                  | ancestry]
  2309 | D:2      | Reached XP level 4. HP: 35/35 MP: 5/5
  2373 | D:2      | Reached ** piety under Lugonu
  2373 | D:2      | Reached skill level 4 in Unarmed Combat
  2413 | D:2      | Slain by a frilled lizard

Illustrated notes

Levels and vault maps discovered:
D:1:      doesnt_arrival_eight_statues, layout_loops_ring
D:2:      layout_basic, kennysheep_vampire_church, uniq_natasha

Skill      XL: |  1  2  3  4 |
---------------+-------------+-----
Unarmed Combat | 2 3 4 |  4.1
Fighting       | |  3.0
Armour         | |  1.7
Dodging        | |  0.8
Invocations    | |  2.4

Action                   |  1- 3 |  4- 6 || total
-------------------------+-------+-------++-------
Melee: Unarmed           |   213 |    19 ||   232
       Punch             |     1 |       ||     1
Invok: Depart the Abyss  |     1 |       ||     1
 Stab: Sleeping          |     5 |       ||     5
  Eat: Chunk             |     4 |     1 ||     5
Armor: Leather armour    |    44 |     7 ||    51
Dodge: Dodged            |   113 |    12 ||   125
